 Dungeon Crawl Stone Soup version 0.28.0-43-g3370ac3207 (webtiles) character file.

Game seed: 8841339275258902646

359 Milton the Ducker (level 6, -4/28 HPs)
             Began as a Felid Monk on Mar 6, 2022.
             Was a Believer of Qazlal.
             Slain by a kobold brigand
             ... wielding a +0 dagger
              (5 damage)
             ... on level 6 of the Dungeon.
             The game lasted 00:15:30 (2854 turns).

Milton the Ducker (Felid Monk)                      Turns: 2854, Time: 00:15:31

Health: -4/28      AC:  2    Str:  9    XL:     6   Next: 37%
Magic:  4/9        EV: 20    Int: 12    God:    Qazlal [**....]
Gold:   101        SH:  2    Dex: 18    Spells: 8/8 levels left
                                        Lives:  0   Deaths: 1

rFire   . . .      SeeInvis +     - Unarmed
rCold   . . .      Faith    .   (shield unavailable)
rNeg    . . .      Spirit   .   (armour unavailable)
rPois   .          Reflect  .   (helmet unavailable)
rElec   .          Harm     .   (cloak unavailable)
rCorr   .          Rampage  .   (gloves unavailable)
Will    .....                   (boots unavailable)
Stlth   ++........              (no amulet)
HPRegen 0.09/turn               (no ring)
MPRegen 0.11/turn               (no ring)

@: attractive, quick
A: very small, claws 1, fangs 3, see invisible, speed 1, shaggy fur 2, stealthy
paws, no weapons or thrown items, no armour, multi-lived
a: Renounce Religion, Upheaval


You were on level 6 of the Dungeon.
You worshipped Qazlal.
Qazlal was pleased with you.
You visited 1 branch of the dungeon, and saw 4 of its levels.

You collected 101 gold pieces.

Inventory:

Scrolls
 a - 3 scrolls of amnesia
 c - a scroll of noise
 d - a scroll of immolation


   Skills:
 * Level 4.0 Fighting
 * Level 6.0 Dodging
 * Level 4.2 Stealth
 * Level 5.7 Unarmed Combat
 * Level 1.9 Spellcasting
 * Level 2.1 Invocations


You had 8 spell levels left.
You didn't know any spells.
Your spell library was empty.

Dungeon Overview and Level Annotations

Branches:
Dungeon (6/15)             Temple (0/1) D:6

Altars:
Nemelex Xobeh
Qazlal
Zin
The Shining One

Shops:
D:1 !

Annotations:
D:6 Pikel


Innate Abilities, Weirdness & Mutations

You have sharp claws.
You have razor-sharp teeth.
You have supernaturally acute eyesight. (SInv)
You cover ground quickly. (Speed+)
You are covered in thick fur. (AC +2)
Your paws help you pounce on unaware monsters.
You are incapable of wielding weapons or throwing items.
You cannot wear armour.
You gain extra lives every three experience levels.


Message History

Aim: a kobold, wielding a +0 dagger The ground shakes violently, spewing rubble!
The blast of rubble hits the kobold.
You kill the kobold!
Qazlal accepts your kill. The kobold closely misses you.
Aiming: Upheaval
Press: ? - help, Dir - move target, f - kobold brigand
Aim: a kobold brigand, wielding a +0 dagger and quivering poisoned darts The ground shakes violently, spewing rubble!
The blast of rubble hits the kobold brigand!
The kobold brigand is heavily wounded.
The kobold completely misses you.
You scratch the kobold.
You kill the kobold!
Qazlal accepts your kill.
A kobold comes into view.
It is wielding a +2 dagger of electrocution.
You block the kobold brigand's attack.
You scratch the kobold brigand.
You bite the kobold brigand, but do no damage.
The kobold brigand is heavily wounded.
A kobold comes into view. It is wielding a +0 dagger.
You scratch the kobold brigand but do no damage.
The kobold brigand is heavily wounded.
The kobold brigand hits you with a +0 dagger.
You scratch the kobold brigand but do no damage.
Your claw misses the kobold brigand.
You bite the kobold brigand, but do no damage.
The kobold brigand is heavily wounded.
The kobold hits you with a +2 dagger of electrocution.
You are electrocuted!
Ouch! That really hurt!
* * * LOW HITPOINT WARNING * * *
The kobold brigand closely misses you.
It was a potion of attraction.
You feel attractive to monsters.
The kobold hits you with a +2 dagger of electrocution.
* * * LOW HITPOINT WARNING * * *
The kobold brigand hits you with a +0 dagger.
You die...

...
#..##.##..##..#
#. #..#.#..##..(#
#. #.....##..#.#
##..#..⌠..#..##.#
.........[..# #.#
.######..#### #.#
#####..# #.#
###......# #.#
#@K.####.# #K###
#.# #K# #.# ..#
.# .... .# ##...
.# ##.. .# ##..


You could see a kobold brigand and 2 kobolds.

Vanquished Creatures
  A black bear (D:6)
  A necrophage (D:6)
  An ogre (D:6)
  A bullfrog (D:6)
  A bullfrog skeleton (D:6)
  An adder (D:2)
  3 dart slugs
  8 ball pythons
  5 bats
  4 endoplasms (D:2)
  3 giant cockroaches
  6 goblins
  4 hobgoblins
  3 quokkas
  2 frilled lizards
  6 kobolds
  6 rats
56 creatures vanquished.

Vanquished Creatures (collateral kills)
  An ice beast (D:6)
  A black bear (D:6)
2 creatures vanquished.

Grand Total: 58 creatures vanquished

Notes
Turn   | Place    | Note
-------+----------+-------------------------------------------
     0 | D:1      | Milton the Felid Monk began the quest for the Orb.
     0 | D:1      | Reached XP level 1. HP: 10/10 MP: 2/2
   211 | D:1      | Found a faded altar of an unknown god.
   379 | D:1      | Prayed at the altar of an unknown god.
   379 | D:1      | Became a worshipper of Qazlal Stormbringer
   379 | D:1      | Reached * piety under Qazlal
   379 | D:1      | Reached ** piety under Qazlal
   457 | D:1      | Reached XP level 2. HP: 8/14 MP: 3/3
   869 | D:1      | Reached *** piety under Qazlal
  1110 | D:1      | Reached XP level 3. HP: 17/17 MP: 4/4
  1198 | D:1      | Found Geceix's Distillery.
  1527 | D:2      | Found a sparkling altar of Nemelex Xobeh.
  2504 | D:2      | Reached XP level 4. HP: 21/21 MP: 1/5
  2566 | D:3      | Found a stormy altar of Qazlal.
  2581 | D:3      | You fall into a shaft and drop 3 floors!
  2583 | D:6      | Found a glowing golden altar of the Shining One.
  2589 | D:6      | Noticed an ice beast
  2606 | D:6      | Killed an ice beast
  2607 | D:6      | Reached skill level 5 in Dodging
  2607 | D:6      | Reached skill level 1 in Spellcasting
  2607 | D:6      | Reached XP level 5. HP: 13/24 MP: 0/7
  2702 | D:6      | Found a glowing silver altar of Zin.
  2716 | D:6      | Noticed an ogre
  2718 | D:6      | Noticed a black bear
  2728 | D:6      | Killed an ogre
  2729 | D:6      | Reached skill level 1 in Invocations
  2730 | D:6      | Killed a black bear
  2731 | D:6      | Gained mutation: You are covered in thick fur. (AC +2)
                  | [Felid growth]
  2731 | D:6      | Reached XP level 6. HP: 26/28 MP: 2/9
  2752 | D:6      | Found a staircase to the Ecumenical Temple.
  2764 | D:6      | Reached skill level 5 in Unarmed Combat
  2802 | D:6      | Noticed Pikel
  2817 | D:6      | Shot themself with a blast of rubble
  2818 | D:6      | Reached XP level 5. HP: -1/25 MP: 1/8
  2818 | D:6      | Reached skill level 6 in Dodging
  2818 | D:6      | Reached XP level 6. HP: 28/28 MP: 9/9
  2854 | D:6      | HP: 1/28 [kobold/+2 dagger of electrocution (4)]
  2854 | D:6      | Slain by a kobold brigand

Illustrated notes

Levels and vault maps discovered:
D:1:      grunt_arrival_crossed_arrows, layout_basic, serial_shops,
          shop_fountains, chequers_ecumenical_altar_lobes, minmay_3d_cube
D:2:      layout_loops_ring, basic_altar
D:3:      layout_loops_ring, lemuel_crystal_altar, elyvilon_altar_4,
          nemelex_dance_club_becter, kennysheep_path_1
D:6:      layout_rooms, mainiacjoe_overflow_alcove_2, tso_metal_star,
          minmay_temple_entry_waves, gammafunk_ghost_split,
          minmay_curled_crystal, dk_noncrumbling_4, uniq_pikel

Skill      XL: |  1  2  3  4  5  6 |
---------------+-------------------+-----
Stealth        | 3 4 |  4.2
Dodging        | 5 6 |  6.0
Unarmed Combat | 4 5 |  5.7
Spellcasting   | 1 |  1.9
Invocations    | 2 |  2.1
Fighting       | 4 |  4.0

Action                   |  1- 3 |  4- 6 || total
-------------------------+-------+-------++-------
Melee: Unarmed           |   133 |    18 ||   151
       Bite              |    11 |     4 ||    15
       Punch             |     3 |     1 ||     4
Invok: Upheaval          |     4 |     5 ||     9
       Elemental Force   |       |     2 ||     2
  Use: Scroll            |     4 |       ||     4
       Potion            |     3 |     1 ||     4
 Stab: Paralysed         |       |     1 ||     1
Armor: Skin              |     2 |     1 ||     3
Dodge: Dodged            |   119 |    22 ||   141
Block: Other             |    14 |     7 ||    21
